ITL
INDIANA HOUNDS @ AMARILLO ARCHDUKES
08/14/2030
 
TOP OF THE 1ST
Indiana Hounds batting - Pitching for Amarillo Archdukes : RHP José Abacil
Pitching: RHP José Abacil
Batting: RHB Henry Haines 0-0: Ball
1-0: SINGLE (Groundball, 3S) (infield hit)
Batting: RHB Felipe Rodríguez 0-0: Ball
1-0: Ball
2-0: Ball
3-0: Called Strike
3-1: Foul Ball, location: 2F
3-2: Base on Balls
Henry Haines to second
Batting: RHB Marlon Hernández 0-0: Swinging Strike
0-1: Ball
1-1: Ball
2-1: Ball
3-1: Base on Balls
Henry Haines to third
Felipe Rodríguez to second
Batting: RHB Domingo Romero 0-0: Fly out, F4 (Line Drive, 4)
Lined into DP, 4-6 (Line Drive, 4)
Batting: RHB Víctor Márquez Pickoff Throw to First - Out!
Top of the 1st over - 0 runs, 1 hit, 0 errors, 1 left on base; Indiana 0 - Amarillo 0
BOTTOM OF THE 1ST
Amarillo Archdukes batting - Pitching for Indiana Hounds : LHP Daniel Gregory
Pitching: LHP Daniel Gregory
Batting: RHB Xie-li Fong 0-0: Foul Ball, location: 2F
0-1: Ball
1-1: Ball
2-1: Foul Ball, location: 2F
2-2: Strikes out swinging
Batting: SHB Jeff Chambers 0-0: Called Strike
0-1: Called Strike
0-2: Foul Ball, location: 2F
0-2: Ball
1-2: Strikes out swinging
Batting: RHB David Alonso 0-0: Called Strike
0-1: Foul Ball, location: 2F
0-2: Ball
1-2: Foul Ball, location: 2F
1-2: Strikes out swinging
Bottom of the 1st over - 0 runs, 0 hits, 0 errors, 0 left on base; Indiana 0 - Amarillo 0
TOP OF THE 2ND
Indiana Hounds batting - Pitching for Amarillo Archdukes : RHP José Abacil
Batting: RHB Víctor Márquez 0-0: Called Strike
0-1: SINGLE (Groundball, 34D)
Batting: RHB Remi Eruzione 0-0: Called Strike
0-1: Fielders Choice at 2nd, 5-4 (Groundball, 5L)
Batting: LHB T.J. Richardson 0-0: Called Strike
0-1: Ball
1-1: Called Strike
Remi Eruzione steals 2nd base
1-2: Foul Ball, location: 2F
1-2: Fly out, F9 (Flyball, 9LS)
Batting: RHB Octávio Zúñiga 0-0: Ball
1-0: Ball
2-0: Ball
3-0: Base on Balls
Batting: RHB Anastasio Movonda 0-0: Foul Ball, location: 2F
0-1: Ball
1-1: Swinging Strike
1-2: Foul Ball, location: 2F
1-2: Strikes out looking
Top of the 2nd over - 0 runs, 1 hit, 0 errors, 2 left on base; Indiana 0 - Amarillo 0
BOTTOM OF THE 2ND
Amarillo Archdukes batting - Pitching for Indiana Hounds : LHP Daniel Gregory
Batting: LHB John Frost 0-0: Ball
1-0: Ground out 4-3 (Groundball, 4D)
Batting: LHB José Martínez 0-0: Called Strike
0-1: Called Strike
0-2: Ball
1-2: Foul Ball, location: 2F
1-2: Ball
2-2: Foul Ball, location: 2F
2-2: Ball
3-2: Base on Balls
Batting: RHB Fernando Castellanos 0-0: Ball
1-0: Swinging Strike
1-1: Ground out 3-1 (Groundball, 34S)
José Martínez to second
Batting: LHB António Chávez 0-0: Swinging Strike
0-1: Ball
1-1: Ball
2-1: Foul Ball, location: 2F
2-2: Strikes out swinging
Bottom of the 2nd over - 0 runs, 0 hits, 0 errors, 1 left on base; Indiana 0 - Amarillo 0
TOP OF THE 3RD
Indiana Hounds batting - Pitching for Amarillo Archdukes : RHP José Abacil
Batting: RHB Henry Haines 0-0: Called Strike
0-1: Ball
1-1: Swinging Strike
1-2: Foul Ball, location: 2F
1-2: Foul Ball, location: 2F
1-2: Foul Ball, location: 2F
1-2: Ball
2-2: Ball
3-2: Strikes out swinging
Batting: RHB Felipe Rodríguez 0-0: Called Strike
0-1: Ball
1-1: Ball
2-1: Swinging Strike
2-2: Ball
3-2: Base on Balls
Batting: RHB Marlon Hernández 0-0: Ball
1-0: Called Strike
1-1: Called Strike
1-2: Ball
2-2: Ball
3-2: Foul Ball, location: 2F
3-2: 2-RUN HOME RUN (Flyball, 7LD), Distance : 323 ft
Batting: RHB Domingo Romero 0-0: Ground out 6-3 (Groundball, 6)
Batting: RHB Víctor Márquez 0-0: Ball
1-0: Called Strike
1-1: Ball
2-1: Called Strike
2-2: Foul Ball, location: 2F
2-2: SINGLE (Line Drive, 89M)
Batting: RHB Remi Eruzione 0-0: Ball
1-0: Ball
2-0: Foul Ball, location: 2F
2-1: Ball
3-1: Base on Balls
Víctor Márquez to second
Batting: LHB T.J. Richardson 0-0: Ball
1-0: Fly out, F7 (Flyball, 7D)
Top of the 3rd over - 2 runs, 2 hits, 0 errors, 2 left on base; Indiana 2 - Amarillo 0
BOTTOM OF THE 3RD
Amarillo Archdukes batting - Pitching for Indiana Hounds : LHP Daniel Gregory
Batting: RHB Herb Bunch 0-0: Ball
1-0: Ball
2-0: Called Strike
2-1: Ball
3-1: Base on Balls
Batting: RHB Jon Krohne 0-0: Foul Ball, location: 2F
0-1: Foul Ball, location: 2F
0-2: Grounds into double play, 5-4-3 (Groundball, 56)
Batting: RHB Xie-li Fong 0-0: Ball
1-0: Ball
2-0: Foul Ball, location: 2F
2-1: Ground out 1-3 (Groundball, 13S)
Bottom of the 3rd over - 0 runs, 0 hits, 0 errors, 0 left on base; Indiana 2 - Amarillo 0
TOP OF THE 4TH
Indiana Hounds batting - Pitching for Amarillo Archdukes : RHP José Abacil
Batting: RHB Octávio Zúñiga 0-0: Ball
1-0: Ball
2-0: SINGLE (Groundball, 5L) (infield hit)
Pitching: LHP Tim Miller
Batting: RHB Anastasio Movonda 0-0: Called Strike
0-1: Ball
1-1: Ball
2-1: Ball
3-1: Base on Balls
Octávio Zúñiga to second
Batting: RHB Henry Haines 0-0: Ball
1-0: Called Strike
1-1: Foul Ball, location: 2F
1-2: Ball
2-2: Ground out 6-3 (Groundball, 6S)
Octávio Zúñiga to third
Anastasio Movonda to second
Batting: RHB Felipe Rodríguez 0-0: Called Strike
0-1: Ball
1-1: Called Strike
1-2: Foul Ball, location: 2F
1-2: Foul Ball, location: 2F
1-2: Foul Ball, location: 2F
1-2: Ball
2-2: Ball
Passed Ball!
Octávio Zúñiga scores
Anastasio Movonda to third
3-2: Base on Balls
Batting: RHB Marlon Hernández 0-0: 3-RUN HOME RUN (Flyball, 7LD), Distance : 327 ft
Batting: RHB Domingo Romero 0-0: Called Strike
0-1: Ball
1-1: Called Strike
1-2: Fly out, F9 (Flyball, 9D)
Batting: RHB Víctor Márquez 0-0: SINGLE (Groundball, 34D)
Batting: RHB Remi Eruzione 0-0: Ball
1-0: Called Strike
1-1: Ball
2-1: Fly out, F8 (Flyball, 89M)
Top of the 4th over - 4 runs, 3 hits, 0 errors, 1 left on base; Indiana 6 - Amarillo 0
BOTTOM OF THE 4TH
Amarillo Archdukes batting - Pitching for Indiana Hounds : LHP Daniel Gregory
Batting: SHB Jeff Chambers 0-0: Called Strike
0-1: Swinging Strike
0-2: Ball
1-2: Ball
2-2: Foul Ball, location: 2F
2-2: Ball
3-2: Base on Balls
Batting: RHB David Alonso 0-0: Ball
1-0: Ball
2-0: Foul Ball, location: 2F
2-1: Called Strike
2-2: Foul Ball, location: 2F
2-2: Strikes out swinging
Batting: LHB John Frost 0-0: Called Strike
0-1: Called Strike
0-2: Fly out, F4 (Popup, 4MD)
Batting: LHB José Martínez 0-0: Ball
1-0: Called Strike
1-1: Foul Ball, location: 2F
1-2: Foul Ball, location: 2F
1-2: Ball
2-2: Ground out U3 (Groundball, 34)
Bottom of the 4th over - 0 runs, 0 hits, 0 errors, 1 left on base; Indiana 6 - Amarillo 0
TOP OF THE 5TH
Indiana Hounds batting - Pitching for Amarillo Archdukes : LHP Tim Miller
Batting: LHB T.J. Richardson 0-0: Called Strike
0-1: Foul Ball, location: 2F
0-2: Ball
1-2: Strikes out swinging
Batting: RHB Octávio Zúñiga 0-0: Ball
1-0: Foul Ball, location: 2F
1-1: Called Strike
1-2: Strikes out swinging
Batting: RHB Anastasio Movonda 0-0: SOLO HOME RUN (Flyball, 7D), Distance : 349 ft
Batting: RHB Henry Haines 0-0: Called Strike
0-1: Ball
1-1: Swinging Strike
1-2: Ball
2-2: Foul Ball, location: 2F
2-2: Ground out 1-3 (Groundball, 13)
Top of the 5th over - 1 run, 1 hit, 0 errors, 0 left on base; Indiana 7 - Amarillo 0
BOTTOM OF THE 5TH
Amarillo Archdukes batting - Pitching for Indiana Hounds : LHP Daniel Gregory
Batting: RHB Fernando Castellanos 0-0: Ball
1-0: Ball
2-0: SINGLE (Line Drive, 34)
Batting: LHB António Chávez 0-0: Called Strike
0-1: Called Strike
0-2: Ball
1-2: Foul Ball, location: 2F
1-2: Strikes out swinging
Batting: RHB Herb Bunch 0-0: Foul Ball, location: 2F
0-1: Called Strike
0-2: Foul Ball, location: 2F
0-2: Ball
1-2: Ball
2-2: Grounds into double play, 6-4-3 (Groundball, 6)
Bottom of the 5th over - 0 runs, 1 hit, 0 errors, 0 left on base; Indiana 7 - Amarillo 0
TOP OF THE 6TH
Indiana Hounds batting - Pitching for Amarillo Archdukes : LHP Tim Miller
Batting: RHB Felipe Rodríguez 0-0: Called Strike
0-1: Ball
1-1: Foul Ball, location: 2F
1-2: Foul Ball, location: 2F
1-2: DOUBLE (Line Drive, 7LM)
Batting: RHB Marlon Hernández 0-0: Called Strike
0-1: Foul Ball, location: 2F
0-2: Foul Ball, location: 2F
0-2: Fly out, F9 (Flyball, 9LDF)
Runner from 2nd tags up, SAFE at 3rd, no throw
Pitching: RHP Ignacio Beltrán
Batting: RHB Domingo Romero 0-0: Ball
1-0: Foul Ball, location: 2F
1-1: Ball
2-1: Ball
3-1: Single, Error in OF, E9, batter to second base
Felipe Rodríguez scores
Batting: RHB Víctor Márquez 0-0: Swinging Strike
0-1: Called Strike
0-2: Strikes out swinging
Batting: RHB Remi Eruzione 0-0: Ball
1-0: Ball
2-0: Called Strike
2-1: Foul Ball, location: 2F
2-2: Foul Ball, location: 2F
2-2: Foul Ball, location: 2F
2-2: Strikes out swinging
Top of the 6th over - 1 run, 2 hits, 1 error, 1 left on base; Indiana 8 - Amarillo 0
BOTTOM OF THE 6TH
Amarillo Archdukes batting - Pitching for Indiana Hounds : LHP Daniel Gregory
Batting: RHB Jon Krohne 0-0: Foul Ball, location: 2F
0-1: Ball
1-1: Ball
2-1: Foul Ball, location: 2F
2-2: Foul Ball, location: 2F
2-2: Ball
3-2: Foul Ball, location: 2F
3-2: Base on Balls
Pitching: RHP Ignacio Medina
Batting: RHB Xie-li Fong 0-0: Called Strike
0-1: Ball
1-1: Swinging Strike
1-2: Strikes out swinging
Batting: SHB Jeff Chambers 0-0: Ball
1-0: Ball
2-0: Swinging Strike
2-1: Ball
3-1: Foul Ball, location: 2F
3-2: Foul Ball, location: 2F
3-2: Base on Balls
Jon Krohne to second
Batting: RHB David Alonso 0-0: Ball
1-0: Swinging Strike
1-1: Ball
2-1: Ball
3-1: Called Strike
3-2: Grounds into double play, 6-4-3 (Groundball, 6)
Bottom of the 6th over - 0 runs, 0 hits, 0 errors, 1 left on base; Indiana 8 - Amarillo 0
TOP OF THE 7TH
Indiana Hounds batting - Pitching for Amarillo Archdukes : RHP Ignacio Beltrán
Batting: LHB T.J. Richardson 0-0: Ball
1-0: Ball
2-0: Swinging Strike
2-1: Called Strike
2-2: Foul Ball, location: 2F
2-2: Foul Ball, location: 2F
2-2: Ball
3-2: Foul Ball, location: 2F
3-2: Base on Balls
Pitching: LHP Rob Lucas
Batting: RHB Octávio Zúñiga 0-0: Ball
1-0: Foul Ball, location: 2F
1-1: Ball
2-1: Foul Ball, location: 2F
2-2: Ball
3-2: Base on Balls
T.J. Richardson to second
Batting: RHB Anastasio Movonda 0-0: Called Strike
0-1: Ball
1-1: SINGLE (Groundball, 6S) (infield hit)
T.J. Richardson to third
Octávio Zúñiga to second
Batting: RHB Henry Haines 0-0: Called Strike
0-1: Ball
1-1: Foul Ball, location: 2F
1-2: Strikes out looking
Batting: RHB Felipe Rodríguez 0-0: Called Strike
0-1: Ball
1-1: Swinging Strike
1-2: Strikes out swinging
Batting: RHB Marlon Hernández 0-0: Foul Ball, location: 2F
0-1: Ball
1-1: Ball
2-1: Ball
3-1: Foul Ball, location: 2F
3-2: Foul Ball, location: 2F
3-2: Base on Balls
T.J. Richardson scores
Octávio Zúñiga to third
Anastasio Movonda to second
Batting: RHB Domingo Romero 0-0: SINGLE (Flyball, 9LS)
Octávio Zúñiga scores
Anastasio Movonda to third
Marlon Hernández to second
Runner from 3rd tries for Home, SAFE, throw made home
Batting: RHB Víctor Márquez 0-0: Ball
1-0: Ball
2-0: Called Strike
2-1: Fielders Choice at 2nd, 6-4 (Groundball, 6)
Top of the 7th over - 3 runs, 2 hits, 0 errors, 2 left on base; Indiana 11 - Amarillo 0
BOTTOM OF THE 7TH
Amarillo Archdukes batting - Pitching for Indiana Hounds : RHP Ignacio Medina
Batting: LHB John Frost 0-0: Ball
1-0: Ground out U3 (Groundball, 3)
Batting: LHB José Martínez 0-0: Ball
1-0: Ball
2-0: Ball
3-0: Called Strike
3-1: Foul Ball, location: 2F
3-2: Foul Ball, location: 2F
3-2: Base on Balls
Batting: RHB Fernando Castellanos 0-0: Ball
1-0: SINGLE (Flyball, 9LS)
José Martínez to second
Runner from 2nd tries for 3rd, SAFE, throw made to third
Batting: LHB António Chávez 0-0: Ball
1-0: Called Strike
1-1: Called Strike
1-2: Ball
2-2: Ball
3-2: Foul Ball, location: 2F
3-2: Base on Balls
Fernando Castellanos to second
Batting: RHB Herb Bunch 0-0: Ball
1-0: Ball
2-0: Called Strike
2-1: Ball
3-1: Base on Balls
José Martínez scores
Fernando Castellanos to third
António Chávez to second
Batting: RHB Jon Krohne 0-0: Called Strike
0-1: Ball
1-1: Swinging Strike
1-2: Foul Ball, location: 2F
1-2: Strikes out looking
Batting: RHB Xie-li Fong 0-0: Called Strike
0-1: Ball
1-1: Foul Ball, location: 2F
1-2: Ground out 5-3 (Groundball, 56S)
Bottom of the 7th over - 1 run, 1 hit, 0 errors, 3 left on base; Indiana 11 - Amarillo 1
TOP OF THE 8TH
Indiana Hounds batting - Pitching for Amarillo Archdukes : LHP Rob Lucas
Batting: RHB Remi Eruzione 0-0: Swinging Strike
0-1: Swinging Strike
0-2: Strikes out looking
Batting: LHB T.J. Richardson 0-0: Called Strike
0-1: Ball
1-1: Swinging Strike
1-2: Strikes out swinging
Batting: RHB Octávio Zúñiga 0-0: Ball
1-0: Ball
2-0: Called Strike
2-1: Ball
3-1: Called Strike
3-2: Base on Balls
Batting: RHB Anastasio Movonda 0-0: Swinging Strike
0-1: SINGLE (Flyball, 9S)
Octávio Zúñiga to second
Runner from 2nd tries for 3rd, SAFE, throw made to third
Batting: RHB Henry Haines 0-0: Ball
1-0: Ball
2-0: Foul Ball, location: 2F
2-1: Foul Ball, location: 2F
2-2: 3-RUN HOME RUN (Flyball, 7LD), Distance : 327 ft
Batting: RHB Felipe Rodríguez 0-0: Ball
1-0: Foul Ball, location: 2F
1-1: Ball
2-1: Hit by Pitch, AND HE CHARGES THE MOUND! The benches clear!
Pitching: RHP Domingo León
Pinch Runner at 1st Manny Hernández:
Batting: RHB Marlon Hernández 0-0: Ball
1-0: SINGLE (Groundball, 56D)
Manny Hernández to second
Batting: RHB Domingo Romero 0-0: Swinging Strike
0-1: Ball
1-1: Swinging Strike
1-2: SINGLE (Flyball, 9LS)
Manny Hernández to third
Marlon Hernández to second
Runner from 3rd tries for Home, SAFE, throw made home
Batting: RHB Víctor Márquez 0-0: Called Strike
0-1: Ball
1-1: SINGLE (Groundball, 34D)
Marlon Hernández to third
Domingo Romero to second
Runner from 3rd tries for Home, SAFE, no throw
Batting: RHB Remi Eruzione 0-0: Ball
1-0: Called Strike
1-1: Ball
2-1: Swinging Strike
2-2: Ball
3-2: Foul Ball, location: 2F
3-2: Strikes out swinging
Top of the 8th over - 5 runs, 5 hits, 0 errors, 2 left on base; Indiana 16 - Amarillo 1
BOTTOM OF THE 8TH
Amarillo Archdukes batting - Pitching for Indiana Hounds : RHP Ignacio Medina
Batting: SHB Jeff Chambers 0-0: Ball
1-0: Ball
2-0: Swinging Strike
2-1: Foul Ball, location: 2F
2-2: Ball
3-2: Base on Balls
Batting: RHB David Alonso 0-0: Called Strike
0-1: Swinging Strike
0-2: Ball
1-2: Foul Ball, location: 2F
1-2: Ball
2-2: Strikes out swinging
Pitching: RHP António Encarnación
Batting: LHB John Frost 0-0: Fielders Choice at 2nd, 6-4 (Groundball, 6)
Batting: LHB José Martínez 0-0: Called Strike
0-1: Foul Ball, location: 2F
0-2: Ball
1-2: Foul Ball, location: 2F
1-2: Foul Ball, location: 2F
1-2: Foul Ball, location: 2F
1-2: Ball
2-2: Ball
3-2: Foul Ball, location: 2F
3-2: Base on Balls
John Frost to second
Pinch Hitting: LHB Jesús Bueno 0-0: Foul Ball, location: 2F
0-1: Foul Ball, location: 2F
0-2: Strikes out looking
Bottom of the 8th over - 0 runs, 0 hits, 0 errors, 2 left on base; Indiana 16 - Amarillo 1
TOP OF THE 9TH
Indiana Hounds batting - Pitching for Amarillo Archdukes : RHP Domingo León
Now at 1B: Nelson Castro
Batting: LHB T.J. Richardson 0-0: Ball
1-0: Called Strike
1-1: Ball
2-1: Ball
3-1: Base on Balls
Batting: RHB Octávio Zúñiga 0-0: Foul Ball, location: 2F
0-1: Ball
1-1: Ground out 6-3 (Groundball, 6S)
T.J. Richardson to second
Batting: RHB Anastasio Movonda 0-0: Called Strike
T.J. Richardson steals 3rd base
0-1: Ball
1-1: Ball
2-1: Foul Ball, location: 2F
2-2: Ball
3-2: Strikes out swinging
Batting: RHB Henry Haines 0-0: Swinging Strike
0-1: Foul Ball, location: 2F
0-2: Strikes out looking
Top of the 9th over - 0 runs, 0 hits, 0 errors, 1 left on base; Indiana 16 - Amarillo 1
BOTTOM OF THE 9TH
Amarillo Archdukes batting - Pitching for Indiana Hounds : RHP António Encarnación
Batting: LHB António Chávez 0-0: SINGLE (Line Drive, 6MD)
Batting: RHB Herb Bunch 0-0: Swinging Strike
0-1: Grounds into double play, 5-4-3 (Groundball, 56)
Batting: RHB Jon Krohne 0-0: Ball
1-0: Foul Ball, location: 2F
1-1: Foul Ball, location: 2F
1-2: Fly out, F8 (Flyball, 8LM)
Bottom of the 9th over - 0 runs, 1 hit, 0 errors, 0 left on base; Indiana 16 - Amarillo 1
Saturday, April 7th, 2018 - OOTP Baseball 18.8 Build 76